Unix NetHack Version 5.0.0-0 post-release - last build Jun 10 2026 00:39:30 (3ee93aec679c4c4259841fe613dc97188e26a321,branch:main).

Game began 2026-07-04 14:04:57, ended 2026-07-05 17:07:16.

ARFwashere, neutral male human Archeologist

                              --+--
                              |.`..#                       -----------
   --------                   |...|#      ----------       |.........|
   |......|                   |...|#######-.+......|#      |.........|
   |.......###############   #....|#      |........-#      |.........|
   |......|              ##  #-----#      |........|#0#    ........<.|
   |......|               ##########     #%........| #     ----.------
   -.------                   #    #     #----|-|--- #         ##
    #############             #    #     #    ###    #          #
                #             #    #     #     #     ##         ###
                ####          ##   #     #     #      #           #
       ------------.--    -----'  ##     #     #      #           ##
       |......*......|    |....@  #----- #     #      #  ----------.-----
       |.............-#   |...|   #-...|##     ##     ## +..............|
       |.............|####-...|    |....#      -.---  #  |..............|
       |.............|    -----    |F..|       |...|  #  |.............>|
       ---------------             -----       |....#####...............|
                                               |...|     ----------------
                                               -----

ARFwashere the Investigator  St:14 Dx:11 Co:12 In:17 Wi:13 Ch:12  Neutral
Dlvl:6  $:0  HP:0(48) Pw:27(27) AC:-1 Xp:6 T:5606  Satiated Burdened

Latest messages:
 The door opens.
 The gold golem misses!
 The gold golem hits!
 The gold golem hits!
 The gold golem hits again!
 You hit the gold golem.
 You hit the gold golem.
 The gold golem hits!
 The gold golem hits again!
 You hit the gold golem.
 The gold golem hits!
 The gold golem hits again!
 The snake bites!
 The gold golem hits!
 The gold golem misses!
 The snake bites!
 You hit the snake!
 The snake misses!
 You miss the snake.
 The snake bites!
 The snake bites!
 The snake bites!
 You hit the snake!
 The snake misses!
 You hit the snake!
 The snake bites!
 The snake bites!
 You kill the snake!
 You miss the gold golem.
 You hit the gold golem.
 The gold golem misses!
 The gold golem hits!
 You miss the gold golem.
 The gold golem hits!
 The gold golem misses!
 You hit the gold golem.
 The gold golem misses!
 The gold golem hits!
 You hit the gold golem.
 You hit the gold golem.
 The gold golem hits!
 The gold golem hits again!
 The gold golem hits!
 The gold golem hits again!
 You die...
 Do you want your possessions identified? [ynq] (y) n
 Do you want to see your attributes? [ynq] (y) n
 Do you want an account of creatures vanquished? [ynaq] (y) n
 Do you want to see your conduct and achievements? [ynq] (y) n
 Do you want to see the dungeon overview? [ynq] (y) n

Inventory:
 Weapons  (')')
  a - a +2 bullwhip
 Armor    ('[')
  U - a blessed +1 orcish helm (being worn)
  n - an uncursed +0 shield of reflection (being worn)
  q - an uncursed +0 cloak of magic resistance (being worn)
  l - an uncursed +0 dwarvish mithril-coat (being worn)
 Comestibles  ('%')
  d - 2 uncursed food rations
  V - an uncursed partly eaten food ration
  k - an uncursed lembas wafer
 Scrolls  ('?')
  s - an uncursed scroll of amnesia
  x - an uncursed scroll of food detection
  u - a cursed scroll of magic mapping
 Potions  ('!')
  Y - an uncursed potion of confusion
  F - a cursed potion of enlightenment
  i - an uncursed potion of fruit juice
  L - an uncursed potion of paralysis
 Rings    ('=')
  j - a cursed ring of aggravate monster
  p - an uncursed ring of invisibility
  X - an uncursed ring of protection from shape changers
  r - an uncursed ring of shock resistance
 Wands    ('/')
  o - a wand of locking (0:5)
  P - a wand of make invisible (0:7)
  C - a wand of sleep (0:4)
  m - a wand of stasis (0:3)
 Tools    ('(')
  h - an uncursed sack containing 1 item
  c - an uncursed tooled horn
  Z - a cursed can of grease (0:4)
  t - an uncursed lock pick
  b - a cursed magic lamp
  B - a magic marker (0:74)
  e - a +0 pick-axe (weapon in left hand)
  f - a tinning kit (0:51)
 Gems/Stones  ('*')
  z - an uncursed obsidian stone
  g - an uncursed touchstone

Contents of the sack:
  957 gold pieces

ARFwashere the Archeologist's attributes:

Background:
 You were an Investigator, a level 6 male human Archeologist.
 You were neutral, on a mission for Camaxtli
 who was opposed by Quetzalcoatl (lawful) and Huhetotl (chaotic).
 You were left-handed.
 You were in the Dungeons of Doom, on level 6.
 You entered the dungeon 5606 turns ago.
 You had 400 experience points, 240 more were needed to attain level 7.

Basics:
 You had 0 out of 48 hit points.
 You had all 27 energy points (spell power).
 Your armor class was -1.
 Your wallet was empty, but
 you had 957 zorkmids stashed away in your pack.
 Autopickup was on for '$' plus thrown.

Final Characteristics:
 Your strength was 14 (limit:18/100).
 Your dexterity was 11 (limit:18).
 Your constitution was 12 (limit:18).
 Your intelligence was 17 (limit:18).
 Your wisdom was 13 (limit:18).
 Your charisma was 12 (limit:18).

Final Status:
 You were satiated.
 You were burdened; movement was slightly slowed.
 You were wielding a pick-axe.
 You were skilled in pick-axe.

Final Attributes:
 You were piously aligned.
 You were magic-protected.
 You had automatic searching.
 You were stealthy.
 You were guarded.
 You had reflection.
 You are dead.

Miscellaneous:
 You didn't encounter any bones levels.
 Total elapsed playing time was 38 minutes and 19 seconds.

Major events:
 Turn
    1: ARFwashere the neutral male human Archeologist entered the dungeon
  896: entered the Gnomish Mines
 1181: attained the rank of Field Worker (level 3)
 5256: attained the rank of Investigator (level 6)
 5606: killed by a gold golem

You didn't know any spells.

Skills:
 Fighting Skills
   bare handed combat [Unskilled]
   two weapon combat  [Unskilled]
   riding             [Unskilled]
 Weapon Skills
   dagger             [Unskilled]
   knife              [Unskilled]
   pick-axe           [Skilled]
   short sword        [Unskilled]
   saber              [Unskilled]
   club               [Unskilled]
   quarterstaff       [Unskilled]
   sling              [Unskilled]
   dart               [Unskilled]
   boomerang          [Unskilled]
   whip               [Basic]
   unicorn horn       [Unskilled]
 Spellcasting Skills
   attack spells      [Unskilled]
   healing spells     [Unskilled]
   divination spells  [Unskilled]
   matter spells      [Unskilled]

Voluntary challenges:
 Character rerolling was not enabled.
 You never genocided any monsters.
 You never polymorphed an object.
 You never changed form.
 You used no wishes.
Achievements:
 You entered a shop.
 You entered the Gnomish Mines.
 You attained the rank of Field Worker.
 You attained the rank of Investigator.

 The Dungeons of Doom: levels 1 to 7
    Level 1:
    Level 2:
       An armor shop, a fountain.
       Stairs down to The Gnomish Mines.
    Level 3:
       An armor shop.
    Level 4:
       An altar to Camaxtli.
    Level 5:
    Level 6: <- You were here.
       Final resting place for
          you, killed by a gold golem.
    Level 7:
 The Gnomish Mines:
    Level 3:


Vanquished creatures:
  2 leprechauns
  a snake
  a bugbear
  2 rock piercers
  a shrieker
  2 gnome leaders
  4 elf zombies
  a floating eye
  a homunculus
  a kobold shaman
  3 rothes
  a monkey
  2 wererats
  a werejackal
 an iguana
  2 acid blobs
  2 coyotes
  a gas spore
  2 hobbits
  2 large kobolds
  2 giant rats
  a cave spider
  a gnome
  2 garter snakes
  a gnome zombie
  6 geckos
 10 jackals
  3 foxes
  2 goblins
  a sewer rat
 11 grid bugs
  a bat
  2 lichens
  a kobold zombie
  5 newts
82 creatures vanquished.

No species were genocided or became extinct.

Game over:
                       ----------
                      /          \
                     /    REST    \
                    /      IN      \
                   /     PEACE      \
                  /                  \
                  |    ARFwashere    |
                  |      957 Au      |
                  | killed by a gold |
                  |      golem       |
                  |                  |
                  |                  |
                  |       2026       |
                 *|     *  *  *      | *
        _________)/\\_//(\/(/\)/\//\/|_)_______

Goodbye ARFwashere the Archeologist...

You died in The Dungeons of Doom on dungeon level 6 with 2782 points,
and 957 pieces of gold, after 5606 moves.
You were level 6 with a maximum of 48 hit points when you died.

